Pirates vs Griffins

Created - Monday, January 18, 2016 at 02:05

Goals
1 2 3 OT1 SO T
Pirates 1 0 0 0 1 2
Griffins 0 1 0 0 0 1
Shots
1 2 3 OT1 SO T
Pirates 8 3 9 6 3 26
Griffins 8 10 6 5 3 29

1st period

1. Pirates , Calle Jarnkrok 1 (Danny Kristo) at 1:22 (PP)

Penalties :
Mark Alt (GRG) for Fighting (Major) at 0:49, Zack Stortini (POR) for Fighting (Major) at 0:49, Mike Angelidis (GRG) for Roughing (Minor) at 1:16

2nd period

2. Griffins , Zac Rinaldo 4 (John McFarland, Matt Taormina) at 10:07 (SH)

Penalties :
Mark Alt (GRG) for Fighting (Major) at 0:14, Henrik Samuelsson (POR) for Fighting (Major) at 0:14, Zack Stortini (POR) for Slashing (Double Minor) at 2:02, Scott Valentine (GRG) for Hooking (Minor) at 9:04, Andrey Pedan (POR) for Hooking (Minor) at 13:37, Dylan Reese (GRG) for Hooking (Minor) at 17:27

3rd period

No Goal

Penalties :
Zac Rinaldo (GRG) for Fighting (Major) at 0:09, Zack Stortini (POR) for Fighting (Major) at 0:09, Zack Stortini (POR) for Hooking (Minor) at 17:43

Overtime #1

No Goal

Penalties :
No Penalty

Shootout

Penalty Shot by Johan Sundstrom for Pirates - Stopped by Anton Forsberg
Penalty Shot by Damien Brunner for Griffins - Shot Misses the Net
Penalty Shot by Matt Puempel for Pirates - Shot Misses the Net
Penalty Shot by Zac Rinaldo for Griffins - Stopped by Matt Hackett
Penalty Shot by Calle Jarnkrok for Pirates - Goal!
Penalty Shot by Peter Regin for Griffins - Stopped by Matt Hackett

Penalties :
No Penalty

Goalie Stats

Matt Hackett (POR), 28 saves from 29 shots - (0.966), W, 14-15-9, 65:00 minutes
Anton Forsberg (GRG), 25 saves from 26 shots - (0.962), OTL, 10-12-6, 65:00 minutes

Players Stats for Pirates

Player Name              G  A  P  +/- PIM S  H  SB GA TA FO     MP     PP MP  PK MP  
------------------------------------------------------------------------------------
Andrey Pedan             0  0  0   0  2   0  1  2  0  2  0/0    25:53   1:12   3:43 
Anthony Duclair          0  0  0   0  0   3  1  0  5  1  0/1    15:24   0:11   2:41 
Calle Jarnkrok           1  0  1   0  0   3  1  1  2  1  2/7    20:18   1:39   3:52 
Daniel Carcillo          0  0  0  -1  0   1  3  0  2  1  1/10   21:53   2:14   2:50 
Danny Kristo             0  1  1  -1  0   6  1  0  1  2  1/2    20:53   2:12   0:45 
Henrik Samuelsson        0  0  0   0  5   0  1  1  1  1  0/1    18:34   0:00   1:41 
Johan Sundstrom          0  0  0   0  0   3  0  2  3  1  6/12   22:41   1:58   2:28 
John Persson             0  0  0   0  0   0  0  0  0  0  0/0     1:49   0:00   0:12 
Keith Aulie              0  0  0   0  0   0  0  1  0  0  0/0     4:34   0:00   0:00 
Kerby Rychel             0  0  0   0  0   0  1  1  0  0  1/1     9:37   0:00   1:38 
Martin Frk               0  0  0   0  0   2  0  0  2  0  0/1    11:22   0:00   0:00 
Matt Puempel             0  0  0  -1  0   0  1  0  1  0  0/0    14:34   2:06   0:00 
Reid McNeill             0  0  0  -1  0   0  3  0  0  0  0/0    24:53   1:47   3:56 
Sebastian Collberg       0  0  0   0  0   1  0  1  0  0  0/0     4:02   0:00   0:00 
Steve Spinell            0  0  0  -1  0   0  1  1  1  0  0/0    26:32   1:47   4:01 
Tim Erixon               0  0  0   0  0   5  1  0  1  2  0/0    20:39   1:05   0:46 
Will O'Neill             0  0  0   0  0   0  1  1  1  1  0/0    28:16   2:17   3:28 
Zack Stortini            0  0  0   0  16  2  1  1  2  0  4/6    20:16   1:52   0:00 

Players Stats for Griffins

Player Name              G  A  P  +/- PIM S  H  SB GA TA FO     MP     PP MP  PK MP  
------------------------------------------------------------------------------------
Adam Payerl              0  0  0   0  0   0  1  0  0  0  2/2    12:05   1:39   0:00 
Corey Trivino            0  0  0   0  0   2  0  0  0  0  2/3     8:37   0:00   0:00 
Damien Brunner           0  0  0   0  0   4  0  0  5  0  4/6    22:44   2:47   1:56 
Dylan Reese              0  0  0   0  2   2  2  0  0  1  0/0    23:06   3:40   0:45 
Jared Staal              0  0  0   0  0   1  1  0  3  0  1/1     8:37   0:00   0:00 
John McFarland           0  1  1   1  0   2  2  0  3  1  1/2    15:38   0:00   1:26 
Kellan Lain              0  0  0   0  0   1  1  0  0  0  0/0    12:12   0:00   0:00 
Mark Alt                 0  0  0   1  10  1  6  0  0  2  0/0    21:18   2:13   2:25 
Mark Mancari             0  0  0   0  0   1  5  0  0  0  0/0    16:44   3:41   0:00 
Matt Taormina            0  1  1   1  0   4  1  0  1  1  0/0    26:53   4:17   2:31 
Mike Angelidis           0  0  0   0  2   2  4  0  1  1  0/0    19:27   3:41   1:09 
Mike Keenan              0  0  0   0  0   1  2  1  0  1  0/0    16:00   0:00   0:54 
Peter Regin              0  0  0   0  0   0  1  1  1  0  10/14  18:16   4:16   0:42 
Scott Valentine          0  0  0   0  2   2  2  1  0  0  0/0    18:59   2:04   0:00 
T.J. Hensick             0  0  0   0  0   2  2  0  1  0  5/9    16:44   3:41   0:00 
Taylor Aronson           0  0  0   0  0   0  2  6  0  3  0/0    23:55   3:40   1:33 
William Nylander         0  0  0   0  0   3  0  0  9  0  1/4    13:45   0:00   0:00 
Zac Rinaldo              1  0  1   1  5   1  2  1  3  2  0/0    20:50   4:06   2:55 

3 Stars

1 - Matt Hackett (POR)
2 - Anton Forsberg (GRG)
3 - Calle Jarnkrok (POR)

Power Play

Pirates - 1 on 3 Attempt(s) - 33.33%
Griffins - 0 on 4 Attempt(s) - 0.00%

Penalty Kill

Pirates - 4 on 4 Attempt(s) - 100.00% - Score 0 goal in Penalty Kill
Griffins - 2 on 3 Attempt(s) - 66.67% - Score 1 goal in Penalty Kill

Team Stat

Pirates - Hits : 17 - Faceoff Wins : 15 - Blocked Shots : 12 - Penalty Minutes : 23
Griffins - Hits : 34 - Faceoff Wins : 26 - Blocked Shots : 10 - Penalty Minutes : 21

Official

Referees : Unknown
Linesman : Unknown

Game Notes

Zack Stortini beats up Mark Alt at 0:49 of 1st period
Henrik Samuelsson beats up Mark Alt at 0:14 of 2nd period
Zack Stortini beats up Zac Rinaldo at 0:09 of 3rd period

Finance

Level 1 -- Attendance: 1419 (70.95%) -- Ticket Income $49,665
Level 2 -- Attendance: 687 (68.70%) -- Ticket Income $10,305
Total Attendance: 2106 (70.20%)
Total Ticket Income: $59,970
Other Income: $29,385
Total Income: $89,355

Pirates

5 vs 5 Forward 
   Center                   Left Wing                Right Wing               Time % Phy DF OF 
 1 Daniel Carcillo          Henrik Samuelsson        Calle Jarnkrok           35     1   2  2  
 2 Zack Stortini            Matt Puempel             Danny Kristo             30     1   2  2  
 3 Johan Sundstrom          Danny Kristo             Zack Stortini            22     1   2  2  
 4 Danny Kristo             Calle Jarnkrok           Martin Frk               13     1   2  2  

5 vs 5 Defense 
   Defense                  Defense                                           Time % Phy DF OF 
 1 Tim Erixon               Will O'Neill                                      35     1   2  2  
 2 Steve Spinell            Andrey Pedan                                      30     1   2  2  
 3 Reid McNeill             Will O'Neill                                      22     1   2  2  
 4 Steve Spinell            Will O'Neill                                      13     1   2  2  

PowerPlay Forward 
   Center                   Left Wing                Right Wing               Time % Phy DF OF 
 1 Zack Stortini            Johan Sundstrom          Calle Jarnkrok           60     1   2  2  
 2 Daniel Carcillo          Matt Puempel             Danny Kristo             40     1   2  2  

PowerPlay Defense
   Defense                  Defense                                           Time % Phy DF OF 
 1 Andrey Pedan             Will O'Neill                                      60     1   2  2  
 2 Reid McNeill             Steve Spinell                                     40     1   2  2  

Penalty Kill 4 Players Forward 
   Center                   Wing                     Time % Phy DF OF 
 1 Zack Stortini            Johan Sundstrom          60     1   2  2  
 2 Calle Jarnkrok           Danny Kristo             40     1   2  2  

Penalty Kill 4 Players Defense
   Defense                  Defense                  Time % Phy DF OF 
 1 Will O'Neill             Reid McNeill             60     1   2  2  
 2 Steve Spinell            Andrey Pedan             40     1   2  2  

Penalty Kill - 3 Players Forward 
   Forward                                           Time % Phy DF OF 
 1 Zack Stortini                                     60     1   2  2  
 2 Danny Kristo                                      40     1   2  2  

Penalty Kill - 3 Players Defense
   Defense                  Defense                  Time % Phy DF OF 
 1 Will O'Neill             Reid McNeill             60     1   2  2  
 2 Andrey Pedan             Steve Spinell            40     1   2  2  

4 vs 4 Forward 
   Center                   Wing                     Time % Phy DF OF 
 1 Johan Sundstrom          Zack Stortini            60     1   2  2  
 2 Calle Jarnkrok           Danny Kristo             40     1   2  2  

4 vs 4 Defense
   Defense                  Defense                  Time % Phy DF OF 
 1 Reid McNeill             Andrey Pedan             60     1   2  2  
 2 Will O'Neill             Steve Spinell            40     1   2  2  

Last Minutes Offensive
   Center                   Left Wing                Right Wing               Defense                  Defense                  
   Matt Puempel             Danny Kristo             Calle Jarnkrok           Tim Erixon               Will O'Neill             

Last Minutes Defensive
   Center                   Left Wing                Right Wing               Defense                  Defense                  
   Matt Puempel             Danny Kristo             Calle Jarnkrok           Tim Erixon               Will O'Neill             

Goaltenders
Starting : Matt Hackett             
Backup : FARM GOALIE10            

Extra Forwards
Normal : Zack Stortini, Danny Kristo, Johan Sundstrom - PP : Zack Stortini, Danny Kristo - PK : Johan Sundstrom
Extra Defensemen
Normal : Will O'Neill, Reid McNeill, Andrey Pedan - PP : Will O'Neill - PK : Will O'Neill, Steve Spinell
Penalty Shots
Johan Sundstrom, Matt Puempel, Calle Jarnkrok, Danny Kristo, Zack Stortini

Griffins

5 vs 5 Forward 
   Center                   Left Wing                Right Wing               Time % Phy DF OF 
 1 Peter Regin              Damien Brunner           Zac Rinaldo              35     1   2  2  
 2 T.J. Hensick             Mike Angelidis           Mark Mancari             30     1   2  2  
 3 William Nylander         Kellan Lain              John McFarland           22     1   2  2  
 4 Corey Trivino            Damien Brunner           Jared Staal              13     1   2  2  

5 vs 5 Defense 
   Defense                  Defense                                           Time % Phy DF OF 
 1 Matt Taormina            Mark Alt                                          35     1   2  2  
 2 Taylor Aronson           Dylan Reese                                       30     1   2  2  
 3 Scott Valentine          Mike Keenan                                       22     1   2  2  
 4 Matt Taormina            Mark Alt                                          13     1   2  2  

PowerPlay Forward 
   Center                   Left Wing                Right Wing               Time % Phy DF OF 
 1 Peter Regin              Damien Brunner           Zac Rinaldo              60     1   2  2  
 2 T.J. Hensick             Mike Angelidis           Mark Mancari             40     1   2  2  

PowerPlay Defense
   Defense                  Defense                                           Time % Phy DF OF 
 1 Matt Taormina            Mark Alt                                          60     1   2  2  
 2 Taylor Aronson           Dylan Reese                                       40     1   2  2  

Penalty Kill 4 Players Forward 
   Center                   Wing                     Time % Phy DF OF 
 1 Damien Brunner           Zac Rinaldo              60     1   2  2  
 2 Peter Regin              Mike Angelidis           40     1   2  2  

Penalty Kill 4 Players Defense
   Defense                  Defense                  Time % Phy DF OF 
 1 Matt Taormina            Mark Alt                 60     1   2  2  
 2 Taylor Aronson           Dylan Reese              40     1   2  2  

Penalty Kill - 3 Players Forward 
   Forward                                           Time % Phy DF OF 
 1 Damien Brunner                                    60     1   2  2  
 2 Zac Rinaldo                                       40     1   2  2  

Penalty Kill - 3 Players Defense
   Defense                  Defense                  Time % Phy DF OF 
 1 Matt Taormina            Mark Alt                 60     1   2  2  
 2 Taylor Aronson           Dylan Reese              40     1   2  2  

4 vs 4 Forward 
   Center                   Wing                     Time % Phy DF OF 
 1 Damien Brunner           Zac Rinaldo              60     1   2  2  
 2 Peter Regin              Mike Angelidis           40     1   2  2  

4 vs 4 Defense
   Defense                  Defense                  Time % Phy DF OF 
 1 Matt Taormina            Mark Alt                 60     1   2  2  
 2 Taylor Aronson           Dylan Reese              40     1   2  2  

Last Minutes Offensive
   Center                   Left Wing                Right Wing               Defense                  Defense                  
   Peter Regin              Damien Brunner           Zac Rinaldo              Matt Taormina            Mark Alt                 

Last Minutes Defensive
   Center                   Left Wing                Right Wing               Defense                  Defense                  
   Peter Regin              Damien Brunner           Zac Rinaldo              Matt Taormina            Mark Alt                 

Goaltenders
Starting : Anton Forsberg           
Backup : Peter Budaj              

Extra Forwards
Normal : Adam Payerl, William Nylander, John McFarland - PP : Adam Payerl, William Nylander - PK : John McFarland
Extra Defensemen
Normal : Scott Valentine, Mike Keenan, Taylor Aronson - PP : Scott Valentine - PK : Mike Keenan, Taylor Aronson
Penalty Shots
Damien Brunner, Zac Rinaldo, Peter Regin, Mike Angelidis, Mark Mancari

% Time on Ice - Pirates

Lines # - Real PCT - Wanted PCT - Time Play
Normal Forward
1 - 35% - 35% - 16:48
2 - 27% - 30% - 13:11
3 - 18% - 22% - 8:44
4 - 19% - 13% - 9:16
Normal Defense
1 - 39% - 35% - 18:31
2 - 31% - 30% - 14:57
3 - 22% - 22% - 10:31
4 - 8% - 13% - 4:00
PP Forward
1 - 48% - 60% - 1:58
2 - 52% - 40% - 2:06
PP Defense
1 - 56% - 60% - 2:17
2 - 44% - 40% - 1:47
PK Forward
1 - 91% - 60% - 7:12
2 - 9% - 40% - 0:45
PK Defense
1 - 49% - 60% - 3:56
2 - 51% - 40% - 4:01
PK3 Forward
1 - 0% - 60%
2 - 0% - 40%
PK3 Defense
1 - 0% - 60%
2 - 0% - 40%
44 Forward
1 - 100% - 60% - 5:00
2 - 0% - 40% - 0:00
44 Defense
1 - 54% - 60% - 2:42
2 - 46% - 40% - 2:18
Last Minute Offensive  - 0:00
Last Minute Defensive  - 0:00
Total
Forward - 65:00
Defense - 65:00

% Time on Ice - Griffins

Lines # - Real PCT - Wanted PCT - Time Play
Normal Forward
1 - 29% - 35% - 14:07
2 - 27% - 30% - 13:03
3 - 25% - 22% - 12:12
4 - 18% - 13% - 8:37
Normal Defense
1 - 31% - 35% - 15:04
2 - 35% - 30% - 16:35
3 - 30% - 22% - 14:12
4 - 4% - 13% - 2:08
PP Forward
1 - 54% - 60% - 4:16
2 - 46% - 40% - 3:41
PP Defense
1 - 54% - 60% - 4:17
2 - 46% - 40% - 3:40
PK Forward
1 - 83% - 60% - 3:22
2 - 17% - 40% - 0:42
PK Defense
1 - 62% - 60% - 2:31
2 - 38% - 40% - 1:33
PK3 Forward
1 - 0% - 60%
2 - 0% - 40%
PK3 Defense
1 - 0% - 60%
2 - 0% - 40%
44 Forward
1 - 93% - 60% - 4:38
2 - 7% - 40% - 0:22
44 Defense
1 - 58% - 60% - 2:53
2 - 42% - 40% - 2:07
Last Minute Offensive  - 0:00
Last Minute Defensive  - 0:00
Total
Forward - 65:00
Defense - 65:00

Play by Play

1st period


0:01 of 1st period - Daniel Carcillo wins face-off versus Peter Regin in neutral zone.
0:49 of 1st period - Zack Stortini beats up Mark Alt.
0:49 of 1st period - Penalty to Mark Alt for Fighting.
0:49 of 1st period - Penalty to Zack Stortini for Fighting.
0:50 of 1st period - T.J. Hensick wins face-off versus Johan Sundstrom in Griffins zone.
0:52 of 1st period - Icing by Mike Angelidis.
0:53 of 1st period - T.J. Hensick wins face-off versus Johan Sundstrom in Griffins zone.
1:16 of 1st period - Minor Penalty to Mike Angelidis for Roughing.
1:17 of 1st period - Danny Kristo wins face-off versus Damien Brunner in Griffins zone.
1:20 of 1st period - Wrist shot by Danny Kristo.
1:20 of 1st period - Stopped by Anton Forsberg with a rebound.
1:22 of 1st period - Snap shot by Calle Jarnkrok.
1:22 of 1st period - Goal by Calle Jarnkrok - Pirates : 1 - Griffins : 0.
1:23 of 1st period - Johan Sundstrom wins face-off versus John McFarland in neutral zone.
1:44 of 1st period - Snap shot by Danny Kristo.
1:44 of 1st period - Stopped by Anton Forsberg with a rebound.
1:46 of 1st period - Wrist shot by Matt Puempel.
1:46 of 1st period - Deflect By Danny Kristo.
1:46 of 1st period - Shot Misses the Net.
1:46 of 1st period - Puck is out of play.
1:47 of 1st period - Corey Trivino wins face-off versus Daniel Carcillo in Griffins zone.
2:02 of 1st period - Wrist shot by Jared Staal.
2:02 of 1st period - Stopped by Matt Hackett with a rebound.
2:06 of 1st period - Snap shot by Jared Staal.
2:06 of 1st period - Shot Misses the Net.
2:08 of 1st period - Slapshot by Matt Taormina.
2:08 of 1st period - Shot Misses the Net.
2:10 of 1st period - Slapshot by Scott Valentine.
2:10 of 1st period - Shot Misses the Net.
2:12 of 1st period - Snap shot by Corey Trivino.
2:12 of 1st period - Shot Blocked by Will O'Neill.
2:14 of 1st period - Wrist shot by Jared Staal.
2:14 of 1st period - Shot Blocked by Calle Jarnkrok.
2:16 of 1st period - Backhand shot by Matt Taormina.
2:16 of 1st period - Deflect By Damien Brunner.
2:16 of 1st period - Stopped by Matt Hackett with a rebound.
2:18 of 1st period - Slapshot by Scott Valentine.
2:18 of 1st period - Stopped by Matt Hackett with a rebound.
2:34 of 1st period - Daniel Carcillo is hit by Mark Mancari.
3:10 of 1st period - T.J. Hensick is hit by Reid McNeill and loses puck.
3:52 of 1st period - Wrist shot by William Nylander.
3:52 of 1st period - Stopped by Matt Hackett with a rebound.
4:07 of 1st period - Will O'Neill is hit by Mike Keenan and loses puck.
5:06 of 1st period - Daniel Carcillo is hit by Dylan Reese and loses puck.
5:25 of 1st period - Daniel Carcillo is hit by John McFarland and loses puck.
6:03 of 1st period - Icing by Mike Keenan.
6:04 of 1st period - Zack Stortini wins face-off versus Corey Trivino in Griffins zone.
6:35 of 1st period - Andrey Pedan is hit by Mark Mancari and loses puck.
7:00 of 1st period - Tim Erixon is hit by Mark Alt and loses puck.
7:36 of 1st period - Slapshot by Tim Erixon.
7:36 of 1st period - Stopped by Anton Forsberg with a rebound.
7:38 of 1st period - Snap shot by Tim Erixon.
7:38 of 1st period - Shot Blocked by Taylor Aronson.
7:40 of 1st period - Wrist shot by Martin Frk.
7:40 of 1st period - Shot Misses the Net.
7:42 of 1st period - Snap shot by Martin Frk.
7:42 of 1st period - Stopped by Anton Forsberg with a rebound.
7:44 of 1st period - Slapshot by Tim Erixon.
7:44 of 1st period - Shot Blocked by Taylor Aronson.
7:46 of 1st period - Slapshot by Tim Erixon.
7:46 of 1st period - Shot Misses the Net.
7:56 of 1st period - Steve Spinell is hit by Zac Rinaldo and loses puck.
8:05 of 1st period - Snap shot by Anthony Duclair.
8:05 of 1st period - Shot Misses the Net.
8:31 of 1st period - Slapshot by Tim Erixon.
8:31 of 1st period - Shot Blocked by Taylor Aronson.
10:27 of 1st period - Snap shot by Martin Frk.
10:27 of 1st period - Shot Misses the Net.
11:07 of 1st period - Snap shot by Martin Frk.
11:07 of 1st period - Stopped by Anton Forsberg with a rebound.
11:35 of 1st period - T.J. Hensick is hit by Daniel Carcillo and loses puck.
11:52 of 1st period - Slapshot by Mike Angelidis.
11:52 of 1st period - Stopped by Matt Hackett with a rebound.
11:54 of 1st period - Snap shot by T.J. Hensick.
11:54 of 1st period - Shot Blocked by Keith Aulie.
12:29 of 1st period - Peter Regin is hit by Reid McNeill and loses puck.
13:10 of 1st period - Slapshot by Anthony Duclair.
13:10 of 1st period - Stopped by Anton Forsberg without a rebound.
13:11 of 1st period - Johan Sundstrom wins face-off versus T.J. Hensick in Griffins zone.
13:12 of 1st period - Snap shot by Anthony Duclair.
13:12 of 1st period - Shot Misses the Net.
13:18 of 1st period - Sebastian Collberg is hit by T.J. Hensick and loses puck.
14:35 of 1st period - Slapshot by Dylan Reese.
14:35 of 1st period - Shot Misses the Net.
14:37 of 1st period - Slapshot by Dylan Reese.
14:37 of 1st period - Stopped by Matt Hackett with a rebound.
14:43 of 1st period - Slapshot by Corey Trivino.
14:43 of 1st period - Shot Blocked by Andrey Pedan.
14:45 of 1st period - Slapshot by Taylor Aronson.
14:45 of 1st period - Shot Misses the Net.
15:19 of 1st period - Backhand shot by Danny Kristo.
15:19 of 1st period - Shot Blocked by Taylor Aronson.
15:21 of 1st period - Snap shot by Reid McNeill.
15:21 of 1st period - Shot Blocked by Taylor Aronson.
16:03 of 1st period - Snap shot by Johan Sundstrom.
16:03 of 1st period - Shot Misses the Net.
16:12 of 1st period - Icing by Matt Taormina.
16:13 of 1st period - Johan Sundstrom wins face-off versus T.J. Hensick in Griffins zone.
16:18 of 1st period - Wrist shot by Sebastian Collberg.
16:18 of 1st period - Stopped by Anton Forsberg with a rebound.
16:36 of 1st period - Scott Valentine is hit by Matt Puempel and loses puck.
17:39 of 1st period - Wrist shot by Corey Trivino.
17:39 of 1st period - Stopped by Matt Hackett with a rebound.
17:41 of 1st period - Slapshot by Dylan Reese.
17:41 of 1st period - Deflect By Corey Trivino.
17:41 of 1st period - Stopped by Matt Hackett without a rebound.
17:42 of 1st period - Zack Stortini wins face-off versus William Nylander in Pirates zone.
19:18 of 1st period - Peter Regin is hit by Kerby Rychel and loses puck.
Goals for this period are 1 for Pirates vs 0 for Griffins.
Shots for this period are 8 for Pirates vs 8 for Griffins.

2nd period


0:01 of 2nd period - Peter Regin wins face-off versus Daniel Carcillo in neutral zone.
0:05 of 2nd period - Off-side.
0:06 of 2nd period - Peter Regin wins face-off versus Daniel Carcillo in neutral zone.
0:14 of 2nd period - Henrik Samuelsson beats up Mark Alt.
0:14 of 2nd period - Penalty to Mark Alt for Fighting.
0:14 of 2nd period - Penalty to Henrik Samuelsson for Fighting.
0:15 of 2nd period - Peter Regin wins face-off versus Calle Jarnkrok in Griffins zone.
0:48 of 2nd period - Slapshot by Daniel Carcillo.
0:48 of 2nd period - Shot Misses the Net.
1:20 of 2nd period - Johan Sundstrom is hit by Scott Valentine and loses puck.
2:02 of 2nd period - Double Minor Penalty to Zack Stortini for Slashing.
2:03 of 2nd period - Peter Regin wins face-off versus Calle Jarnkrok in Pirates zone.
2:07 of 2nd period - Slapshot by Damien Brunner.
2:07 of 2nd period - Stopped by Matt Hackett with a rebound.
2:09 of 2nd period - Slapshot by Scott Valentine.
2:09 of 2nd period - Stopped by Matt Hackett without a rebound.
2:10 of 2nd period - Peter Regin wins face-off versus Calle Jarnkrok in Pirates zone.
2:49 of 2nd period - Snap shot by T.J. Hensick.
2:49 of 2nd period - Deflect By Mark Mancari.
2:49 of 2nd period - Shot Blocked by Steve Spinell.
2:49 of 2nd period - Puck is out of play.
2:50 of 2nd period - Calle Jarnkrok wins face-off versus T.J. Hensick in Pirates zone.
3:57 of 2nd period - Daniel Carcillo is hit by Taylor Aronson and loses puck.
4:28 of 2nd period - Snap shot by T.J. Hensick.
4:28 of 2nd period - Shot Blocked by Andrey Pedan.
4:54 of 2nd period - Slapshot by Mike Angelidis.
4:54 of 2nd period - Shot Misses the Net.
5:14 of 2nd period - Penalty to Henrik Samuelsson is over, Henrik Samuelsson is back on ice.
5:47 of 2nd period - Anthony Duclair is hit by Mike Angelidis and loses puck.
6:02 of 2nd period - Penalty to Zack Stortini is over, Zack Stortini is back on ice.
6:39 of 2nd period - Zack Stortini is hit by Kellan Lain and loses puck.
6:48 of 2nd period - Taylor Aronson is hit by Steve Spinell and loses puck.
7:08 of 2nd period - Dylan Reese is hit by Reid McNeill and loses puck.
7:39 of 2nd period - Adam Payerl is hit by Zack Stortini and loses puck.
7:50 of 2nd period - Calle Jarnkrok is hit by Dylan Reese and loses puck.
8:01 of 2nd period - Matt Taormina is hit by Daniel Carcillo.
8:06 of 2nd period - Snap shot by William Nylander.
8:06 of 2nd period - Shot Misses the Net.
8:08 of 2nd period - Snap shot by Kellan Lain.
8:08 of 2nd period - Stopped by Matt Hackett with a rebound.
8:33 of 2nd period - Matt Puempel is hit by T.J. Hensick and loses puck.
9:01 of 2nd period - Off-side.
9:02 of 2nd period - Peter Regin wins face-off versus Johan Sundstrom in neutral zone.
9:04 of 2nd period - Minor Penalty to Scott Valentine for Hooking.
9:05 of 2nd period - Damien Brunner wins face-off versus Zack Stortini in Griffins zone.
9:53 of 2nd period - Snap shot by Zac Rinaldo.
9:53 of 2nd period - Shot Misses the Net.
10:07 of 2nd period - Wrist shot by Zac Rinaldo.
10:07 of 2nd period - Goal by Zac Rinaldo - Pirates : 1 - Griffins : 1.
10:08 of 2nd period - Damien Brunner wins face-off versus Zack Stortini in neutral zone.
10:11 of 2nd period - Calle Jarnkrok is hit by Matt Taormina and loses puck.
10:27 of 2nd period - Wrist shot by Calle Jarnkrok.
10:27 of 2nd period - Shot Misses the Net.
10:49 of 2nd period - Wrist shot by Danny Kristo.
10:49 of 2nd period - Shot Misses the Net.
11:04 of 2nd period - Penalty to Scott Valentine is over, Scott Valentine is back on ice.
11:49 of 2nd period - Snap shot by Daniel Carcillo.
11:49 of 2nd period - Shot Misses the Net.
11:51 of 2nd period - Slapshot by Tim Erixon.
11:51 of 2nd period - Stopped by Anton Forsberg with a rebound.
12:01 of 2nd period - Wrist shot by Danny Kristo.
12:01 of 2nd period - Stopped by Anton Forsberg with a rebound.
12:55 of 2nd period - Slapshot by T.J. Hensick.
12:55 of 2nd period - Stopped by Matt Hackett with a rebound.
13:29 of 2nd period - Slapshot by Jared Staal.
13:29 of 2nd period - Shot Blocked by Henrik Samuelsson.
13:31 of 2nd period - Slapshot by Mike Keenan.
13:31 of 2nd period - Stopped by Matt Hackett with a rebound.
13:37 of 2nd period - Minor Penalty to Andrey Pedan for Hooking.
13:38 of 2nd period - Adam Payerl wins face-off versus Calle Jarnkrok in Pirates zone.
13:55 of 2nd period - Slapshot by Peter Regin.
13:55 of 2nd period - Shot Misses the Net.
14:13 of 2nd period - Icing by Taylor Aronson.
14:14 of 2nd period - Peter Regin wins face-off versus Calle Jarnkrok in Griffins zone.
14:29 of 2nd period - Daniel Carcillo is hit by Mark Mancari and loses puck.
15:31 of 2nd period - Wrist shot by Mike Angelidis.
15:31 of 2nd period - Stopped by Matt Hackett without a rebound.
15:32 of 2nd period - T.J. Hensick wins face-off versus Anthony Duclair in Pirates zone.
15:37 of 2nd period - Penalty to Andrey Pedan is over, Andrey Pedan is back on ice.
15:43 of 2nd period - Zac Rinaldo is hit by Andrey Pedan and loses puck.
16:14 of 2nd period - Wrist shot by John McFarland.
16:14 of 2nd period - Shot Blocked by Kerby Rychel.
16:22 of 2nd period - Snap shot by John McFarland.
16:22 of 2nd period - Stopped by Matt Hackett with a rebound.
16:24 of 2nd period - Wrist shot by William Nylander.
16:24 of 2nd period - Stopped by Matt Hackett with a rebound.
16:26 of 2nd period - Wrist shot by John McFarland.
16:26 of 2nd period - Shot Misses the Net.
16:28 of 2nd period - Slapshot by Mike Keenan.
16:28 of 2nd period - Deflect By William Nylander.
16:28 of 2nd period - Stopped by Matt Hackett with a rebound.
16:36 of 2nd period - Tim Erixon is hit by Mike Keenan and loses puck.
16:56 of 2nd period - Off-side.
16:57 of 2nd period - Corey Trivino wins face-off versus Danny Kristo in neutral zone.
17:16 of 2nd period - Calle Jarnkrok is hit by Taylor Aronson and loses puck.
17:27 of 2nd period - Minor Penalty to Dylan Reese for Hooking.
17:28 of 2nd period - Damien Brunner wins face-off versus Daniel Carcillo in Griffins zone.
18:31 of 2nd period - Matt Puempel is hit by Mark Alt and loses puck.
18:38 of 2nd period - Slapshot by Tim Erixon.
18:38 of 2nd period - Stopped by Anton Forsberg without a rebound.
18:39 of 2nd period - John McFarland wins face-off versus Daniel Carcillo in Griffins zone.
18:39 of 2nd period - John McFarland is hit by Danny Kristo.
19:07 of 2nd period - Snap shot by Peter Regin.
19:07 of 2nd period - Shot Misses the Net.
19:27 of 2nd period - Penalty to Dylan Reese is over, Dylan Reese is back on ice.
19:58 of 2nd period - Reid McNeill is hit by John McFarland and loses puck.
Goals for this period are 0 for Pirates vs 1 for Griffins.
Shots for this period are 3 for Pirates vs 10 for Griffins.

3rd period


0:01 of 3rd period - Zack Stortini wins face-off versus Peter Regin in neutral zone.
0:09 of 3rd period - Zack Stortini beats up Zac Rinaldo.
0:09 of 3rd period - Penalty to Zac Rinaldo for Fighting.
0:09 of 3rd period - Penalty to Zack Stortini for Fighting.
0:10 of 3rd period - Peter Regin wins face-off versus Johan Sundstrom in neutral zone.
0:24 of 3rd period - Snap shot by Damien Brunner.
0:24 of 3rd period - Stopped by Matt Hackett with a rebound.
0:26 of 3rd period - Wrist shot by Mark Alt.
0:26 of 3rd period - Stopped by Matt Hackett without a rebound.
0:27 of 3rd period - Johan Sundstrom wins face-off versus Peter Regin in Pirates zone.
0:38 of 3rd period - Snap shot by Danny Kristo.
0:38 of 3rd period - Stopped by Anton Forsberg without a rebound.
0:39 of 3rd period - T.J. Hensick wins face-off versus Daniel Carcillo in Griffins zone.
0:48 of 3rd period - Daniel Carcillo is hit by Mike Angelidis and loses puck.
1:11 of 3rd period - Icing by Henrik Samuelsson.
1:12 of 3rd period - Peter Regin wins face-off versus Daniel Carcillo in Pirates zone.
2:04 of 3rd period - Slapshot by William Nylander.
2:04 of 3rd period - Deflect By John McFarland.
2:04 of 3rd period - Stopped by Matt Hackett with a rebound.
2:16 of 3rd period - Wrist shot by William Nylander.
2:16 of 3rd period - Shot Misses the Net.
2:56 of 3rd period - Mark Alt is hit by Henrik Samuelsson.
3:00 of 3rd period - Calle Jarnkrok is hit by Mark Mancari and loses puck.
3:23 of 3rd period - Slapshot by Danny Kristo.
3:23 of 3rd period - Stopped by Anton Forsberg with a rebound.
3:45 of 3rd period - Slapshot by Tim Erixon.
3:45 of 3rd period - Stopped by Anton Forsberg with a rebound.
4:07 of 3rd period - Calle Jarnkrok is hit by Scott Valentine and loses puck.
4:34 of 3rd period - Wrist shot by John McFarland.
4:34 of 3rd period - Shot Misses the Net.
4:36 of 3rd period - Slapshot by Dylan Reese.
4:36 of 3rd period - Stopped by Matt Hackett with a rebound.
4:58 of 3rd period - Andrey Pedan is hit by Mark Mancari and loses puck.
5:07 of 3rd period - Slapshot by Danny Kristo.
5:07 of 3rd period - Shot Misses the Net.
5:13 of 3rd period - Daniel Carcillo is hit by Mike Angelidis and loses puck.
5:30 of 3rd period - Matt Puempel is hit by Zac Rinaldo and loses puck.
5:59 of 3rd period - Snap shot by William Nylander.
5:59 of 3rd period - Shot Misses the Net.
7:07 of 3rd period - Mark Alt is hit by Will O'Neill and loses puck.
7:30 of 3rd period - Wrist shot by Johan Sundstrom.
7:30 of 3rd period - Stopped by Anton Forsberg without a rebound.
7:31 of 3rd period - Peter Regin wins face-off versus Martin Frk in Griffins zone.
7:50 of 3rd period - Slapshot by Tim Erixon.
7:50 of 3rd period - Shot Misses the Net.
7:52 of 3rd period - Snap shot by Reid McNeill.
7:52 of 3rd period - Deflect By Calle Jarnkrok.
7:52 of 3rd period - Shot Misses the Net.
7:52 of 3rd period - Puck is out of play.
7:53 of 3rd period - Zack Stortini wins face-off versus William Nylander in Griffins zone.
7:56 of 3rd period - Snap shot by Calle Jarnkrok.
7:56 of 3rd period - Stopped by Anton Forsberg with a rebound.
7:58 of 3rd period - Slapshot by Reid McNeill.
7:58 of 3rd period - Shot Misses the Net.
10:16 of 3rd period - Andrey Pedan is hit by Jared Staal and loses puck.
10:39 of 3rd period - Anthony Duclair is hit by Mike Angelidis and loses puck.
11:31 of 3rd period - Snap shot by John McFarland.
11:31 of 3rd period - Deflect By William Nylander.
11:31 of 3rd period - Shot Blocked by Sebastian Collberg.
11:31 of 3rd period - Puck is out of play.
11:32 of 3rd period - Kerby Rychel wins face-off versus William Nylander in Pirates zone.
12:04 of 3rd period - Steve Spinell is hit by Mark Alt and loses puck.
12:42 of 3rd period - Daniel Carcillo is hit by Peter Regin and loses puck.
13:16 of 3rd period - Snap shot by Anthony Duclair.
13:16 of 3rd period - Stopped by Anton Forsberg without a rebound.
13:17 of 3rd period - William Nylander wins face-off versus Johan Sundstrom in Griffins zone.
14:01 of 3rd period - Off-side.
14:02 of 3rd period - Jared Staal wins face-off versus Henrik Samuelsson in neutral zone.
14:37 of 3rd period - Zack Stortini is hit by Mark Alt and loses puck.
14:50 of 3rd period - Andrey Pedan is hit by Mark Alt and loses puck.
15:07 of 3rd period - Will O'Neill is hit by Mark Alt and loses puck.
15:14 of 3rd period - Mark Mancari is hit by Calle Jarnkrok and loses puck.
15:28 of 3rd period - Off-side.
15:29 of 3rd period - Johan Sundstrom wins face-off versus Peter Regin in neutral zone.
15:54 of 3rd period - Snap shot by Matt Puempel.
15:54 of 3rd period - Shot Misses the Net.
15:56 of 3rd period - Wrist shot by Zack Stortini.
15:56 of 3rd period - Stopped by Anton Forsberg with a rebound.
15:58 of 3rd period - Wrist shot by Tim Erixon.
15:58 of 3rd period - Shot Blocked by Scott Valentine.
16:00 of 3rd period - Wrist shot by Matt Puempel.
16:00 of 3rd period - Shot Misses the Net.
16:04 of 3rd period - Snap shot by Matt Puempel.
16:04 of 3rd period - Shot Blocked by Mike Keenan.
16:14 of 3rd period - Zac Rinaldo is hit by Tim Erixon and loses puck.
16:19 of 3rd period - Slapshot by Tim Erixon.
16:19 of 3rd period - Shot Misses the Net.
16:21 of 3rd period - Snap shot by Johan Sundstrom.
16:21 of 3rd period - Shot Misses the Net.
16:23 of 3rd period - Wrist shot by Johan Sundstrom.
16:23 of 3rd period - Shot Blocked by Peter Regin.
16:25 of 3rd period - Slapshot by Tim Erixon.
16:25 of 3rd period - Stopped by Anton Forsberg with a rebound.
16:27 of 3rd period - Wrist shot by Calle Jarnkrok.
16:27 of 3rd period - Stopped by Anton Forsberg with a rebound.
17:03 of 3rd period - Wrist shot by John McFarland.
17:03 of 3rd period - Deflect By Daniel Carcillo.
17:03 of 3rd period - Shot Misses the Net.
17:03 of 3rd period - Puck is out of play.
17:04 of 3rd period - T.J. Hensick wins face-off versus Daniel Carcillo in Pirates zone.
17:27 of 3rd period - Snap shot by Mark Mancari.
17:27 of 3rd period - Shot Misses the Net.
17:29 of 3rd period - Slapshot by Dylan Reese.
17:29 of 3rd period - Deflect By T.J. Hensick.
17:29 of 3rd period - Stopped by Matt Hackett with a rebound.
17:31 of 3rd period - Slapshot by Taylor Aronson.
17:31 of 3rd period - Shot Misses the Net.
17:33 of 3rd period - Snap shot by Mark Mancari.
17:33 of 3rd period - Stopped by Matt Hackett with a rebound.
17:35 of 3rd period - Snap shot by Mark Mancari.
17:35 of 3rd period - Shot Misses the Net.
17:37 of 3rd period - Slapshot by T.J. Hensick.
17:37 of 3rd period - Shot Blocked by Zack Stortini.
17:43 of 3rd period - Minor Penalty to Zack Stortini for Hooking.
17:44 of 3rd period - Calle Jarnkrok wins face-off versus T.J. Hensick in Pirates zone.
18:34 of 3rd period - Matt Taormina is hit by Anthony Duclair and loses puck.
19:05 of 3rd period - Andrey Pedan is hit by Adam Payerl and loses puck.
19:43 of 3rd period - Penalty to Zack Stortini is over, Zack Stortini is back on ice.
Goals for this period are 0 for Pirates vs 0 for Griffins.
Shots for this period are 9 for Pirates vs 6 for Griffins.

Overtime #1


0:01 of 1st overtime period - Johan Sundstrom wins face-off versus Damien Brunner in neutral zone.
0:24 of 1st overtime period - Wrist shot by Zac Rinaldo.
0:24 of 1st overtime period - Shot Misses the Net.
0:26 of 1st overtime period - Slapshot by Matt Taormina.
0:26 of 1st overtime period - Shot Blocked by Johan Sundstrom.
0:28 of 1st overtime period - Snap shot by Damien Brunner.
0:28 of 1st overtime period - Shot Blocked by Johan Sundstrom.
0:30 of 1st overtime period - Snap shot by Matt Taormina.
0:30 of 1st overtime period - Stopped by Matt Hackett with a rebound.
0:32 of 1st overtime period - Slapshot by Matt Taormina.
0:32 of 1st overtime period - Deflect By Johan Sundstrom.
0:32 of 1st overtime period - Stopped by Matt Hackett with a rebound.
0:34 of 1st overtime period - Wrist shot by Matt Taormina.
0:34 of 1st overtime period - Stopped by Matt Hackett with a rebound.
0:36 of 1st overtime period - Slapshot by Matt Taormina.
0:36 of 1st overtime period - Stopped by Matt Hackett with a rebound.
1:26 of 1st overtime period - Snap shot by Zack Stortini.
1:26 of 1st overtime period - Stopped by Anton Forsberg with a rebound.
1:28 of 1st overtime period - Snap shot by Johan Sundstrom.
1:28 of 1st overtime period - Stopped by Anton Forsberg without a rebound.
1:29 of 1st overtime period - Adam Payerl wins face-off versus Johan Sundstrom in Griffins zone.
1:49 of 1st overtime period - Snap shot by Danny Kristo.
1:49 of 1st overtime period - Shot Misses the Net.
1:51 of 1st overtime period - Backhand shot by Steve Spinell.
1:51 of 1st overtime period - Shot Blocked by Zac Rinaldo.
1:53 of 1st overtime period - Wrist shot by Daniel Carcillo.
1:53 of 1st overtime period - Shot Misses the Net.
2:01 of 1st overtime period - Snap shot by Danny Kristo.
2:01 of 1st overtime period - Deflect By Daniel Carcillo.
2:01 of 1st overtime period - Stopped by Anton Forsberg with a rebound.
2:03 of 1st overtime period - Snap shot by Steve Spinell.
2:03 of 1st overtime period - Shot Blocked by Taylor Aronson.
2:33 of 1st overtime period - Mark Alt is hit by Daniel Carcillo and loses puck.
2:59 of 1st overtime period - Snap shot by Johan Sundstrom.
2:59 of 1st overtime period - Shot Misses the Net.
3:01 of 1st overtime period - Snap shot by Johan Sundstrom.
3:01 of 1st overtime period - Stopped by Anton Forsberg with a rebound.
3:19 of 1st overtime period - Snap shot by Danny Kristo.
3:19 of 1st overtime period - Stopped by Anton Forsberg without a rebound.
3:20 of 1st overtime period - Damien Brunner wins face-off versus Daniel Carcillo in Griffins zone.
3:39 of 1st overtime period - Snap shot by Damien Brunner.
3:39 of 1st overtime period - Stopped by Matt Hackett with a rebound.
4:22 of 1st overtime period - Wrist shot by Anthony Duclair.
4:22 of 1st overtime period - Shot Misses the Net.
4:24 of 1st overtime period - Slapshot by Anthony Duclair.
4:24 of 1st overtime period - Stopped by Anton Forsberg with a rebound.
Goals for this period are 0 for Pirates vs 0 for Griffins.
Shots for this period are 6 for Pirates vs 5 for Griffins.

ShootOut


5:00 of 1st overtime period - Penalty Shot by Johan Sundstrom for Pirates.
5:00 of 1st overtime period - Snap shot by Johan Sundstrom.
5:00 of 1st overtime period - Stopped by Anton Forsberg.
5:00 of 1st overtime period - Penalty Shot by Damien Brunner for Griffins.
5:00 of 1st overtime period - Wrist shot by Damien Brunner.
5:00 of 1st overtime period - Shot Misses the Net.
5:00 of 1st overtime period - Penalty Shot by Matt Puempel for Pirates.
5:00 of 1st overtime period - Deke by Matt Puempel.
5:00 of 1st overtime period - Shot Misses the Net.
5:00 of 1st overtime period - Penalty Shot by Zac Rinaldo for Griffins.
5:00 of 1st overtime period - Snap shot by Zac Rinaldo.
5:00 of 1st overtime period - Stopped by Matt Hackett.
5:00 of 1st overtime period - Penalty Shot by Calle Jarnkrok for Pirates.
5:00 of 1st overtime period - Snap shot by Calle Jarnkrok.
5:00 of 1st overtime period - Goal by Calle Jarnkrok.
5:00 of 1st overtime period - Penalty Shot by Peter Regin for Griffins.
5:00 of 1st overtime period - Snap shot by Peter Regin.
5:00 of 1st overtime period - Stopped by Matt Hackett.